 Dungeon Crawl Stone Soup version 0.18.1-1-g2f07953 (webtiles) character file.

93 imoen the Cutter (level 4, 0/21 HPs)
             Began as a Spriggan Enchanter on May 7, 2016.
             Succumbed to a kobold's poison
             ... on level 3 of the Dungeon.
             The game lasted 00:09:32 (1610 turns).

imoen the Cutter (Spriggan Enchanter)               Turns: 1610, Time: 00:09:32

Health: 0/21       AC:  5    Str:  4    XL:     4   Next: 36%
Magic:  5/9        EV: 18    Int: 17    God:
Gold:   77         SH:  0    Dex: 16    Spells: 3 memorised, 2 levels left

rFire  . . .     SeeInvis +     g - +1 short sword (elec)
rCold  . . .     Gourm    .     b - +1 robe
rNeg   . . .     Faith    .     (shield restricted)
rPois  +         Spirit   .     (helmet restricted)
rElec  .         Dismiss  .     s - +1 cloak {rPois}
rCorr  .         Reflect  .     (gloves unavailable)
SustAt .         Harm     .     (boots unavailable)
MR     .....                    r - amulet of regeneration
Stlth  +++.......               (no ring)
                                (no ring)

@: lethally poisoned (0 -> -3), very quick, not resistant to hostile
enchantments, fairly stealthy
A: unfitting armour, see invisible, herbivore 3, speed 3, slow metabolism 2
a: no special abilities


You were on level 3 of the Dungeon.
You were not hungry.

You visited 1 branch of the dungeon, and saw 3 of its levels.

You collected 77 gold pieces.

Inventory:

Hand Weapons
 a - a +1 dagger
 g - a +1 short sword of electrocution (weapon)
   (You found it on level 1 of the Dungeon)
Missiles
 m - 8 poisoned needles
Armour
 b - a +1 robe (worn)
 s - a +1 cloak of poison resistance (worn)
   (You found it on level 3 of the Dungeon)
Jewellery
 r - an amulet of regeneration (around neck)
   (You found it on level 2 of the Dungeon)
Scrolls
 e - 3 scrolls of identify {unknown}
 j - a scroll of teleportation {unknown}
 k - 2 scrolls of blinking {unknown}
 n - a scroll of enchant weapon {unknown}
 o - a scroll of amnesia {unknown}
 p - a scroll of remove curse {unknown}
 q - a scroll of fear {unknown}
 t - a scroll of enchant armour {unknown}
Potions
 f - a potion of degeneration {unknown}
 h - 2 potions of berserk rage {unknown}
 i - a potion of heal wounds {unknown}
 l - a potion of agility {unknown}
Books
 c - a book of Maledictions
Comestibles
 d - a bread ration


   Skills:
 + Level 4.7 Short Blades
 - Level 3.0 Dodging
 - Level 4.4 Stealth
 - Level 2.6 Spellcasting
 - Level 3.6 Hexes


You had 2 spell levels left.
You knew the following spells:

 Your Spells              Type           Power        Failure   Level  Hunger
a - Corona                Hex            ##.....      4%          1    #......
e - Confuse               Hex            ##......     14%         3    ###....
f - Ensorcelled Hibernat  Hex/Ice        #.....       17%         2    ##.....


Dungeon Overview and Level Annotations

Branches:
Dungeon (3/15)

Altars:


Innate Abilities, Weirdness & Mutations

You are tiny and cannot use many weapons and most armour.
You have supernaturally acute eyesight.
You are a herbivore.
You cover ground extremely quickly.
You need consume almost no food.


Message History

You hit the kobold but do no damage. The kobold hits you but does no damage.
You are more poisoned.
The kobold completely misses you.
You barely miss the rat.
You feel sick. The kobold hits you but does no damage.
You are lethally poisoned!
The rat barely misses you.
You take 1 damage, and have 17/21 hp.
The kobold throws a stone.
The stone hits you but does no damage.
You see here a stone.
You feel sick.
You take 1 damage, and have 16/21 hp.
You feel sick.
You take 1 damage, and have 15/21 hp.
* * * LOW HITPOINT WARNING * * *
You feel sick.
You see here a goblin corpse.
You take 1 damage, and have 14/21 hp.
Things that are here:
a club; a giant newt corpse; a hobgoblin corpse
* * * LOW HITPOINT WARNING * * *
You feel sick.
You take 1 damage, and have 13/21 hp.
Unknown command.
You aren't carrying any items that you can evoke.
Unknown command.
Put on which piece of jewellery? (? for menu, Esc to quit)
Okay, then.
Enter note: (
* * * LOW HITPOINT WARNING * * *
You feel sick.
You take 1 damage, and have 12/21 hp.
Sorry, you're not good enough to have a special ability.
Unknown command.
You aren't carrying any items that you can evoke.
Unknown command.
* * * LOW HITPOINT WARNING * * *
You feel sick.
You take 1 damage, and have 11/21 hp.
There is an open door here.
* * * LOW HITPOINT WARNING * * *
You feel sick.
You take 1 damage, and have 10/21 hp.
Wield which item (- for none, * to show all)? (? for menu, Esc to quit)
Okay, then.
* * * LOW HITPOINT WARNING * * *
You feel sick.
You take 1 damage, and have 9/21 hp.
There is an escape hatch in the floor here.
* * * LOW HITPOINT WARNING * * *
You feel sick.
There is an escape hatch in the floor here.
* * * LOW HITPOINT WARNING * * *
You feel sick.
You take 1 damage, and have 8/21 hp.
You hit the rat.
* * * LOW HITPOINT WARNING * * *
You feel sick. The rat completely misses you.
You take 1 damage, and have 7/21 hp.
You hit the rat.
There is a sudden explosion of sparks!
You kill the rat!
You hit the kobold.
There is a sudden explosion of sparks!
You kill the kobold!
* * * LOW HITPOINT WARNING * * *
You feel sick.
You take 1 damage, and have 6/21 hp.
* * * LOW HITPOINT WARNING * * *
You feel sick.
You take 1 damage, and have 5/21 hp.
There is an escape hatch in the floor here.
* * * LOW HITPOINT WARNING * * *
You feel sick.
You slide downwards.
The hatch slams shut behind you.
You take 1 damage, and have 4/21 hp.
Unknown command.
* * * LOW HITPOINT WARNING * * *
You feel sick.
You take 1 damage, and have 3/21 hp.
You see here a fizzy green potion.
h - 2 fizzy green potions (gained 1)
You see here a runed cloak.
s - a runed cloak
* * * LOW HITPOINT WARNING * * *
You feel sick.
Wear which item? (? for menu, Esc to quit)
You can't wear that.
Unknown command.
Wear which item? (? for menu, Esc to quit)
You start putting on your armour.
You continue putting on your runed cloak. x3
* * * LOW HITPOINT WARNING * * *
You feel sick.
You continue putting on your runed cloak.
You finish putting on your +1 cloak of poison resistance.
You feel resistant to poison.
You take 1 damage, and have 2/21 hp.
* * * LOW HITPOINT WARNING * * *
You feel sick.
You take 1 damage, and have 1/21 hp.
You see here a scroll labeled PIEGOM XOALISS.
t - a scroll labeled PIEGOM XOALISS You die...

#........# .
#######........#####.
.....#..............
#...#......(.......
#..#..............
#.................
#..#..............
#..#..............
#@.#########......
#.## #...... โ‰ˆ.#
####### โ‰ˆโ‰ˆ.#
.ยง..# ######


There were no monsters in sight!

Vanquished Creatures
  Robin (D:2)
  2 gnolls (D:2)
  An adder (D:2)
  An ooze (D:1)
  A worm (D:2)
  A dart slug (D:1)
  A ball python (D:2)
  16 goblins
  4 hobgoblins (D:2)
  6 bats
  3 giant newts
  2 kobolds
  5 rats
44 creatures vanquished.

Notes
Turn   | Place    | Note
--------------------------------------------------------------
     0 | D:1      | imoen the Spriggan Enchanter began the quest for the Orb.
     0 | D:1      | Reached XP level 1. HP: 9/9 MP: 5/5
   125 | D:1      | Reached skill level 2 in Short Blades
   263 | D:1      | Reached XP level 2. HP: 13/13 MP: 6/6
   448 | D:1      | Learned a level 2 spell: Ensorcelled Hibernation
   700 | D:2      | Noticed Robin
   729 | D:2      | Reached skill level 3 in Short Blades
   838 | D:2      | Reached XP level 3. HP: 15/16 MP: 8/8
  1161 | D:2      | Learned a level 3 spell: Confuse
  1312 | D:2      | Reached skill level 4 in Short Blades
  1432 | D:2      | Killed Robin
  1432 | D:2      | Reached XP level 4. HP: 21/21 MP: 5/9
  1583 | D:2      | HP: 5/21 [poisoned by a kobold]
  1590 | D:3      | HP: 3/21 [poisoned by a kobold]
  1595 | D:3      | HP: 3/21 [poisoned by a kobold]
  1604 | D:3      | HP: 1/21 [poisoned by a kobold]
  1610 | D:3      | Succumbed to a kobold's poison

Skill      XL: |  1  2  3 |
---------------+----------+-----
Short Blades   | 2 3 4 |  4.7
Dodging        | |  3.0
Stealth        | |  4.4
Spellcasting   | |  2.6
Hexes          | |  3.6

Action                   |  1- 3 |  4- 6 || total
-------------------------+-------+-------++-------
Melee: Short sword       |    58 |    30 ||    88
       Dagger            |     1 |       ||     1
 Cast: Ensorcelled Hiber |     5 |       ||     5
       Confuse           |     3 |     3 ||     6
       Corona            |     2 |       ||     2
 Stab: Sleeping          |    13 |       ||    13
       Confused          |     1 |       ||     1
Armor: Robe              |     5 |     2 ||     7
Dodge: Dodged            |    32 |    27 ||    59

Vault maps used:
D:1:      tarquinn_simple_flora_water_d
D:2:      supply_closet_lemuel, minmay_surrounded, uniq_robin
D:3:      lightli_temple_of_fire

Table legend:
 A = Turns spent in this place as a percentage of turns spent in the entire game.
 B = Non-inter-level travel turns spent in this place as a percentage of non-inter-level travel turns spent in the entire game.
 C = Inter-level travel turns spent in this place as a percentage of turns spent in this place.
 D = Turns resting spent in this place as a percentage of non-inter-level travel turns spent in this place.
 E = Turns spent auto-exploring this place as a percentage of non-inter-level travel turns spent in this place.
 F = Non-inter-level travel turns spent in this place divided by the number of levels of this place that you've seen.
                   A       B       C       D       E      F
               +-------+-------+-------+-------+-------+----------------------
         Total | 100.0 | 100.0 |   0.6 |   0.9 |   6.0 | 211.3
       Dungeon | 100.0 | 100.0 |   0.6 |   0.9 |   6.0 | 211.3
               +-------+-------+-------+-------+-------+----------------------

Table legend:
 A = Kills in this place as a percentage of kills in entire the game.
 B = Kills by you in this place as a percentage of kills by you in the entire game.
 C = Kills by friends in this place as a percentage of kills by friends in the entire game.
 D = Other kills in this place as a percentage of other kills in the entire game.
 E = Experience gained in this place as a percentage of experience gained in the entire game.
 F = Experience gained in this place divided by the number of levels of this place that you have seen.
                   A       B       C       D       E      F
               +-------+-------+-------+-------+-------+----------------------
         Total | 100.0 | 100.0 |  -nan |  -nan | 100.0 |  44.3
       Dungeon | 100.0 | 100.0 |  -nan |  -nan | 100.0 |  44.3
               +-------+-------+-------+-------+-------+----------------------
